 Dungeon Crawl Stone Soup version 0.30-a0-571-gdf30a72648 (webtiles) character file.

Game seed: 18254971760859288028

6720 bmack86 the Cleaver (level 10, -13/86 (90) HPs)
             Began as a Minotaur Fighter on Dec 29, 2022.
             Was an Elder of Okawaru.
             Mangled by a soul eater (15 damage)
             ... on level 9 of the Dungeon.
             The game lasted 00:29:48 (8908 turns).

bmack86 the Cleaver (Minotaur Fighter)              Turns: 8908, Time: 00:29:49

HP:   -13/86 (90)   AC: 13    Str: 24    XL:     10   Next: 74%
MP:   6/12          EV: 10    Int:  5    God:    Okawaru [****..]
Gold: 480           SH:  8    Dex: 17    Spells: 9/9 levels left

rFire   . . .      SeeInvis .    P - +5 war axe
rCold   . . .      Faith    +    c - +0 buckler
rNeg    . . .      Spirit   .    O - +0 plate armour
rPois   .          Reflect  .    (helmet restricted)
rElec   .          Harm     .    y - +0 cloak
rCorr   .          Rampage  .    K - +0 pair of gloves
Will    .....                    i - +0 pair of boots Stlth
                                 L - amulet of faith
HPRegen 0.34/turn                p - +4 ring of protection
MPRegen 0.13/turn                n - +6 ring of dexterity

@: about to teleport, heroic, finesse-ful, corroded, lightly drained
A: horns 2, retaliatory headbutt
a: Renounce Religion, Heroism, Finesse


You were on level 9 of the Dungeon.
You worshipped Okawaru.
Okawaru was greatly pleased with you.
You visited 2 branches of the dungeon, and saw 10 of its levels.
You also visited: Sewer.

You collected 480 gold pieces.

Inventory:

Hand Weapons
 a - a +1 heavy war axe
 P - a +5 war axe (weapon)
 R - a +0 war axe of flaming
Missiles
 f - 28 poisoned darts
 N - 9 boomerangs (quivered)
Armour
 c - a +0 buckler (worn)
 i - a +0 pair of boots (worn)
 y - a +0 cloak (worn)
 G - a +0 chain mail
 K - a +0 pair of gloves (worn)
 O - a +0 plate armour (worn)
Jewellery
 n - a +6 ring of dexterity (right hand)
 p - a +4 ring of protection (left hand)
 F - an amulet of the acrobat
 L - an amulet of faith (around neck)
Wands
 C - a wand of light (17)
 D - a wand of mindburst (13)
 E - a wand of roots (28)
 M - a wand of flame (20)
Scrolls
 b - a scroll of magic mapping {unknown}
 j - 2 scrolls of fear
 l - 2 scrolls of enchant weapon
 m - a scroll of enchant armour {unknown}
 t - a scroll of fog {unknown}
 u - 3 scrolls of teleportation
 w - a scroll of blinking
 x - 2 scrolls of summoning
 H - a scroll of poison
 I - a scroll of amnesia
 J - a scroll of vulnerability {unknown}
Potions
 d - 6 potions of might
 e - 5 potions of curing
 g - 5 potions of flight
 h - a potion of magic {unknown}
 k - 2 potions of haste
 o - 2 potions of lignification
 q - 2 potions of heal wounds
 r - a potion of mutation {unknown}
 s - a potion of brilliance {unknown}
 v - 3 potions of cancellation
 z - a potion of invisibility {unknown}
 A - a potion of attraction {unknown}
 B - a potion of ambrosia
 Q - a potion of resistance {unknown}


   Skills:
 + Level 8.5(13.5) Fighting
 * Level 11.3(16.3) Axes
 + Level 6.2(11.2) Throwing
 + Level 8.6(13.6) Armour
 + Level 8.6(13.6) Shields
 + Level 4.2 Invocations


You had 9 spell levels left.
You didn't know any spells.
Your spell library contained the following spells:

 Spells                   Type           Power      Damage    Failure   Level
 Ensorcelled Hibernation  Hex/Ice        0%         N/A       100%        2
 Spider Form              Tmut/Pois      0%         N/A       100%        3
 Stone Arrow              Conj/Erth      0%         3d7       100%        3
 Vhi's Electric Charge    Tloc/Air       0%         N/A       100%        3
 Anguish                  Hex/Necr       0%         N/A       100%        4
 Arcjolt                  Conj/Air       0%         1d10      100%        5
 Lehudib's Crystal Spear  Conj/Erth      0%         10d2      100%        8
 Maxwell's Capacitive Co  Air            0%         ∞         100%        8
 Animate Armour           Summ/Erth      Unusable   N/A       N/A         4

Dungeon Overview and Level Annotations

Branches:
Dungeon (9/15)             Temple (1/1) D:4           Sewer (visited)
   Lair: D:8-11         Orc: D:9-12

Altars:
Ashenzari
Cheibriados
Elyvilon
Fedhas
Hepliaklqana
Kikubaaqudgha
Okawaru
Qazlal
Ru
Sif Muna
Trog
Uskayaw
Vehumet
Wu Jian
Xom
Yredelemnul
Zin
The Shining One


Innate Abilities, Weirdness & Mutations

You have a pair of horns on your head.
You reflexively headbutt those who attack you in melee.


Message History

The ufetubus hits you but does no damage.
You hit the ice devil.
You headbutt the ice devil, but do no damage.
The ice devil is moderately wounded.
You hit the ufetubus.
You kill the ufetubus!
The ufetubus disappears in a puff of smoke!
You closely miss the soul eater.
You hit the rust devil but do no damage.
The ice devil barely misses you. You furiously retaliate!
You headbutt the ice devil. The soul eater hits you!
You feel drained. The rust devil barely misses you. You furiously retaliate!
You headbutt the rust devil, but do no damage.
You hit the ice devil.
You headbutt the ice devil, but do no damage.
The ice devil is heavily wounded.
You hit the soul eater.
You hit the rust devil but do no damage.
You closely miss the ice devil.
The ice devil is heavily wounded.
You slash the soul eater! You hit the rust devil.
You hit the ufetubus but do no damage. You hit the ice devil.
The ice devil is severely wounded.
You slash the soul eater!
You hit the rust devil but do no damage.
You slash the ufetubus!
You kill the ufetubus!
The ufetubus disappears in a puff of smoke!
The ice devil hits you. The ice devil freezes you!!
* * * LOW HITPOINT WARNING * * *
The soul eater hits you!
* * * LOW HITPOINT WARNING * * *
You feel drained.
* * * LOW HITPOINT WARNING * * *
The rust devil hits you. The rust devil corrodes you!
As you read the scroll of teleportation, it crumbles to dust.
You feel strangely unstable. The rust devil barely misses you.
You furiously retaliate!
You headbutt the rust devil. The soul eater hits you!
You die...

##.# ... #..### #.#
##....# #.# # ##.....#
#.#.# #
###......###.#.##..
#####........##<......#
#............#...#.....
#..........>.# #
#@4#..###...## #
#5345...# ##.##
..y553.§...# #.##
....##..∩...####..######
[.. ........##..........
.. .......###.#####.###
# #.......# #.# #.# #
#.......# #.# #.# # #.#
#.# #


You could see a soul eater, an ice devil, a rust devil, a ynoxinul, a killer
bee, a quasit and 3 ufetubi.

Vanquished Creatures
  2 two-headed ogres (D:7)
  A sun demon (D:9)
  The ghost of sokol815 the Slicer, a novice KoDe of Vehumet (D:7)
  A deep elf pyromancer (D:9)
  Sigmund (D:4)
  4 yaks (D:8)
  A steam dragon (D:9)
  Edmund (D:4)
  Duvessa (D:4)
  2 water moccasins
  2 orc warriors
  A black bear (D:8)
  3 ogres
  A centaur (D:8)
  A phantom (D:4)
  3 kobold brigands
  8 scorpions
  2 bullfrogs
  A necrophage (D:7)
  4 wights (D:8)
  Dowan (D:4)
  A killer bee (D:9)
  2 howler monkeys
  A quasit (D:9)
  5 hounds
  An orc priest (D:7)
  2 jellies (D:6)
  Ijyb (D:4)
  3 iguanas
  5 orc wizards
  Robin (D:2)
  11 adders
  A river rat (Sewer)
  A shadow imp (D:6)
  6 white imps
  3 ufetubi
  4 worms
  2 dart slugs (D:4)
  23 orcs
  12 ball pythons
  14 bats
  8 endoplasms
  A giant cockroach (D:2)
  14 goblins
  14 hobgoblins
  5 quokkas
  4 frilled lizards
  26 kobolds
  9 rats
222 creatures vanquished.

Vanquished Creatures (others)
  An orc wizard (D:7)
  8 fungi (D:6)
9 creatures vanquished.

Grand Total: 231 creatures vanquished

Notes
Turn   | Place    | Note
-------+----------+-------------------------------------------
     0 | D:1      | bmack86 the Minotaur Fighter began the quest for the Orb.
     0 | D:1      | Reached XP level 1. HP: 19/19 MP: 0/0
   205 | D:1      | Reached XP level 2. HP: 27/27 MP: 1/1
   270 | D:1      | Reached skill level 3 in Axes
  1167 | D:2      | Noticed Robin
  1172 | D:2      | Reached XP level 3. HP: 28/33 MP: 2/2
  1194 | D:2      | Killed Robin
  1195 | D:2      | Reached skill level 1 in Throwing
  1361 | D:2      | Found a faded altar of an unknown god.
  1368 | D:2      | Reached XP level 4. HP: 40/40 MP: 3/3
  2072 | D:3      | Reached skill level 4 in Axes
  2170 | D:3      | Found a glowing drain.
  2188 | Sewer    | Entered a sewer
  2294 | Sewer    | Noticed a kobold brigand
  2301 | Sewer    | Killed a kobold brigand
  2302 | Sewer    | Reached XP level 5. HP: 47/47 MP: 4/4
  2421 | Sewer    | Reached skill level 5 in Axes
  2421 | Sewer    | Reached XP level 6. HP: 53/53 MP: 5/5
  3366 | D:4      | Reached skill level 5 in Armour
  3374 | D:4      | Reached skill level 5 in Shields
  3422 | D:4      | Noticed Duvessa
  3427 | D:4      | Noticed Dowan
  3432 | D:4      | Killed Duvessa
  3433 | D:4      | Reached skill level 5 in Fighting
  3433 | D:4      | Reached skill level 6 in Axes
  3433 | D:4      | Reached XP level 7. HP: 55/61 MP: 6/6
  3441 | D:4      | Killed Dowan
  3493 | D:4      | Noticed Ijyb
  3502 | D:4      | Killed Ijyb
  3636 | D:4      | Noticed a steam dragon
  3909 | D:4      | Noticed Sigmund
  3914 | D:4      | Killed Sigmund
  4114 | D:4      | Found a staircase to the Ecumenical Temple.
  4125 | Temple   | Entered the Ecumenical Temple
  4146 | Temple   | Became a worshipper of Warmaster Okawaru
  4286 | D:4      | Noticed Edmund
  4290 | D:4      | Reached skill level 7 in Axes
  4299 | D:4      | Killed Edmund
  4300 | D:4      | Reached XP level 8. HP: 43/70 MP: 7/7
  4547 | D:5      | Entered Level 5 of the Dungeon
  4909 | D:5      | Reached * piety under Okawaru
  5247 | D:5      | Found a basalt altar of Yredelemnul.
  5580 | D:6      | Found a stormy altar of Qazlal.
  5596 | D:6      | Reached skill level 8 in Axes
  6128 | D:6      | Found a glowing silver altar of Zin.
  6128 | D:6      | Found an ornate altar of the Wu Jian Council.
  6382 | D:6      | Reached ** piety under Okawaru
  6412 | D:6      | Reached XP level 9. HP: 78/78 MP: 8/8
  6936 | D:7      | Found a runed translucent gate.
  6936 | D:7      | Noticed a two-headed ogre
  6937 | D:7      | Found a runed translucent gate.
  6937 | D:7      | Noticed sokol815's ghost (novice KoDe)
  6960 | D:7      | Reached skill level 1 in Invocations
  6969 | D:7      | Found a runed translucent gate.
  6995 | D:7      | Reached skill level 9 in Axes
  6997 | D:7      | Killed sokol815's ghost
  6998 | D:7      | Reached skill level 5 in Throwing
  6998 | D:7      | Killed a two-headed ogre
  6998 | D:7      | Reached *** piety under Okawaru
  6999 | D:7      | Reached skill level 10 in Axes
  7247 | D:7      | Noticed a two-headed ogre
  7257 | D:7      | Killed a two-headed ogre
  7257 | D:7      | Reached **** piety under Okawaru
  7258 | D:7      | Reached XP level 10. HP: 29/88 MP: 9/11
  8031 | D:8      | Received a gift from Okawaru
  8067 | D:8      | Found a blossoming altar of Fedhas.
  8590 | D:9      | Noticed a deep elf pyromancer
  8599 | D:9      | Killed a deep elf pyromancer
  8600 | D:9      | Reached skill level 11 in Axes
  8882 | D:9      | Noticed a rust devil
  8884 | D:9      | Noticed a sun demon
  8886 | D:9      | Noticed a soul eater
  8897 | D:9      | Killed a sun demon
  8907 | D:9      | HP: 2/86 [soul eater (4)]
  8908 | D:9      | Mangled by a soul eater

Illustrated notes

Levels and vault maps discovered:
D:1:      dpeg_arrival_three_bigger_balls, layout_loops_corners,
          minmay_misc_feat_rows
D:2:      layout_basic, chequers_ecumenical_altar_simple_redux,
          grunt_decor_fettered, uniq_robin
D:3:      layout_basic, cheibrodos_sewer_entry_bend
D:4:      minmay_octagon_keep, layout_basic, lightli_corner_chamber, uniq_ijyb,
          uniq_duvessa, uniq_sigmund, uniq_edmund
D:5:      layout_loops_corners, mainiacjoe_overflow_tiny_flanked
D:6:      old_forge, layout_basic, gammafunk_temple_overflow_statue,
          mainiacjoe_overflow_concentric_impassable, grunt_ministairs_3
D:7:      layout_basic, gammafunk_ghost_split
D:8:      layout_basic, fedhas_altar_1
D:9:      minmay_the_grid_plus_closed [minmay_the_grid_holed_spiral,
          minmay_the_grid_minigrid_large, minmay_the_grid_garden,
          minmay_the_grid_spikes, minmay_the_grid_prize_big_room],
          layout_loops_cross, serial_demonic, serial_demonic_e,
          serial_demonic_a, serial_demonic_a, serial_demonic_d,
          serial_demonic_a, st_stairs_11, minmay_holes, uniq_psyche,
          uniq_amaemon
Temple:   nicolae_temple_god_jail

Skill      XL: |  1  2  3  4  5  6  7  8  9 10 |
---------------+-------------------------------+-----
Axes           | 3 4 5 6 7 8 10 11 | 11.3
Shields        | 4 5 6 7 8 |  8.6
Fighting       | 4 5 6 7 8 |  8.5
Throwing       | 1 2 3 4 5 6 |  6.2
Armour         | 4 5 6 7 8 |  8.6
Invocations    | 3 4 |  4.2

Action                   |  1- 3 |  4- 6 |  7- 9 | 10-12 || total
-------------------------+-------+-------+-------+-------++-------
Melee: War axe           |    69 |   117 |   156 |    75 ||   417
       Headbutt          |    10 |    16 |    34 |    21 ||    81
Throw: Dart              |       |    10 |    19 |       ||    29
       Boomerang         |       |       |       |     4 ||     4
Invok: Heroism           |       |       |     5 |     4 ||     9
       Finesse           |       |       |       |     1 ||     1
  Use: Scroll            |     3 |     5 |     3 |     7 ||    18
       Potion            |       |       |     1 |       ||     1
Armor: Scale mail        |    41 |    77 |    56 |       ||   174
       Chain mail        |       |       |    55 |    22 ||    77
       Plate armour      |       |       |       |    47 ||    47
Dodge: Dodged            |    47 |    63 |   100 |    25 ||   235
Block: Buckler           |    17 |    34 |    64 |    42 ||   157

Table legend: (Time is in decaauts)
 A = Elapsed time spent in this place.
 B = Non-inter-level travel time spent in this place.
 C = Inter-level travel time spent in this place.
 D = Time resting spent in this place.
 E = Time spent auto-exploring this place.
 F = Levels seen in this place.
 G = Mean time per level.
                   A        B        C        D        E       F      G
               +--------+--------+--------+--------+--------+-----+--------+
         Total |   9181 |   8795 |    386 |    191 |   5322 |  11 |  834.6 |
       Dungeon |   8612 |   8226 |    386 |    154 |   5182 |   9 |  956.9 |
        Temple |     81 |     81 |      0 |      0 |     36 |   1 |   81.0 |
         Sewer |    487 |    487 |      0 |     37 |    103 |   1 |  487.0 |
               +--------+--------+--------+--------+--------+-----+--------+

Top non-repeatable levels by time:
     D:4: 1356 daAuts
     D:6: 1252 daAuts
     D:1: 1147 daAuts
     D:3: 1136 daAuts
     D:7: 1049 daAuts
     D:5: 924 daAuts
     D:8: 776 daAuts
     D:2: 664 daAuts
   Sewer: 487 daAuts
     D:9: 303 daAuts
  Temple: 81 daAuts
